Map: Abyssal Reef LE

Players

Namshar

  • Race: Zerg Zerg
  • Spawn Location: 11:00

Arctur - Winner!

  • Race: Terran Terran
  • Spawn Location: 5:00

Event: WCS Valencia 2017

VOD

Have the link to the VOD?

Description

Time

  • Played on: July 13, 2017, 10:04 a.m.
  • Length: 13:08

All games in this series

Show
View Real Time Build Order
Export as new Build Order

Namshar Zerg 

Build Orders: Pool First 

Get SALT Encoding   

  12  0:00  Drone  
  13  0:12  Overlord  
  13  0:16  Drone  
  14  0:30  Drone x2  
  14  0:34  Drone  
  17  0:44  Drone  
  17  0:45  Extractor  
  17  0:49  Spawning Pool  
  16  0:55  Drone  
  17  1:06  Drone  
  18  1:17  Drone  
  19  1:22  Hatchery  
  18  1:28  Drone  
  19  1:36  Queen  
  21  1:43  Overlord  
  21  1:56  Zergling x2  
  22  2:12  Queen  
  24  2:17  Drone x2  
  26  2:23  Roach Warren  
  24  2:38  Queen  
  24  2:41  Overlord  
  26  3:03  Roach x4  
  26  3:04  Roach  
  36  3:09  Drone x2  
  38  3:23  Spore Crawler  
  38  3:26  Spore Crawler  
  37  3:29  Drone  
  37  3:30  Drone x5  
  44  3:38  Overlord  
  44  3:40  Overlord  
  44  3:56  Ravager x2  
  44  3:58  Drone  
  44  4:01  Drone  
  48  4:03  Overlord  
  48  4:04  Drone x5  
  53  4:10  Drone x2  
  53  4:14  Drone  
  56  4:18  Drone  
  57  4:26  Ravager  
  57  4:27  Hatchery  
  57  4:29  Drone x2  
  59  4:38  Queen  
  61  4:40  Extractor  
  61  4:42  Extractor  
  61  4:43  Drone x3  
  61  4:44  Drone x2  
  64  4:53  Metabolic Boost, Overlord  
  64  4:58  Evolution Chamber, Lair  
  63  5:16  Queen  
  65  5:22  Drone x9  
  65  5:23  Drone x2  
  65  5:26  Zerg Ground Armor Level 1  
  76  5:32  Evolution Chamber  
  76  5:34  Overlord x2  
  75  5:42  Drone x3  
  78  5:57  Drone  
  78  5:58  Overlord  
  78  6:00  Drone  
  78  6:01  Extractor  
  78  6:04  Roach x5  
  89  6:07  Roach x2  
  89  6:08  Glial Reconstitution, Roach  
  95  6:14  Zerg Missile Weapons Level 1  
  95  6:15  Overlord x3  
  95  6:20  Drone x3  
  100  6:25  Roach  
  100  6:26  Roach  
  98  6:33  Queen  
  98  6:36  Drone x5  
  101  6:43  Drone x3  
  103  6:52  Drone x6  
  109  6:55  Burrow  
  109  6:56  Infestation Pit  
  109  6:58  Extractor  
  109  6:59  Extractor  
  106  7:07  Overlord x2  
  106  7:11  Queen  
  110  7:20  Drone x2  
  112  7:23  Overlord  
  112  7:26  Zerg Ground Armor Level 2  
  110  7:32  Hatchery  
  106  7:44  Roach  
  106  7:45  Drone x2, Roach x4  
  106  7:49  Spore Crawler, Queen  
  106  7:50  Spore Crawler  
  118  7:55  Drone  
  119  7:58  Drone  
  119  7:59  Spore Crawler  
  119  8:00  Hive  
  119  8:06  Queen  
  119  8:07  Drone x2  
  119  8:08  Drone, Overlord  
  119  8:09  Zerg Missile Weapons Level 2, Spore Crawler x2  
  122  8:19  Overseer, Pathogen Glands  
  122  8:22  Overlord x2  
  122  8:24  Ravager  
  122  8:25  Ravager x3  
  126  8:27  Drone  
  126  8:28  Spire  
  126  8:31  Drone  
  126  8:32  Drone x3  
  130  8:35  Drone x2  
  130  8:40  Ravager x2  
  134  8:41  Queen  
  134  8:45  Spore Crawler, Roach x3  
  134  8:47  Extractor  
  140  8:49  Extractor  
  139  9:01  Infestor  
  139  9:02  Infestor x2  
  145  9:07  Drone  
  145  9:09  Infestor  
  148  9:17  Queen  
  148  9:22  Overlord x2  
  148  9:23  Overlord x2  
  132  9:25  Hatchery  
  132  9:26  Roach x7  
  132  9:30  Roach  
  132  9:31  Roach x2  
  127  9:34  Roach x2  
  127  9:35  Roach  
  132  9:38  Ravager  
  132  9:40  Roach  
  132  9:41  Roach x2  
  137  9:47  Roach  
  137  9:48  Roach x3  
  126  10:01  Roach x9  
  126  10:06  Roach  
  126  10:07  Roach x2  
  139  10:10  Roach  
  139  10:11  Roach x2  
  141  10:16  Roach x3  
  146  10:22  Ravager x2  
  146  10:25  Roach x2  
  148  10:31  Roach x4  
  139  10:36  Roach  
  145  10:44  Roach x5  
  153  10:55  Roach x4  
  138  11:04  Extractor, Ravager  
  133  11:05  Ravager  
  133  11:06  Extractor  
  133  11:08  Roach x2  
  135  11:12  Roach x3  
  141  11:21  Roach  
  141  11:22  Roach  
  139  11:29  Roach  
  139  11:30  Roach  
  127  11:38  Roach x5  
  132  11:46  Roach  
  132  11:50  Roach x2  
  136  11:54  Ravager x2  
  136  11:57  Roach x2  
  142  12:01  Roach  
  141  12:11  Roach  
  141  12:12  Roach x2  
  141  12:17  Roach x3  
  134  12:29  Roach x3  
  107  12:46  Roach x3  
  107  12:49  Roach  
Show
View Real Time Build Order
Export as new Build Order

Arctur Terran - Winner!

Build Orders: Bio Tank 

Get SALT Encoding   

  12  0:00  SCV  
  13  0:13  SCV  
  14  0:17  Supply Depot  
  14  0:25  SCV  
  15  0:39  SCV  
  16  0:44  Barracks, Refinery  
  16  0:51  SCV  
  17  1:01  Barracks  
  17  1:05  SCV  
  18  1:17  SCV  
  19  1:31  Orbital Command, Reaper  
  20  1:38  Barracks  
  20  1:44  Refinery  
  20  1:48  Reaper  
  21  1:55  Supply Depot  
  21  2:00  SCV  
  22  2:03  Reaper  
  23  2:17  SCV  
  23  2:18  Supply Depot  
  23  2:20  Reaper  
  25  2:25  Reaper  
  25  2:29  SCV  
  27  2:37  Reaper  
  27  2:41  SCV  
  29  2:52  Reaper  
  29  2:54  SCV  
  31  3:01  Command Center  
  31  3:07  Barracks Reactor  
  31  3:17  Barracks Reactor, SCV  
  32  3:25  Barracks Reactor  
  32  3:30  SCV  
  32  3:33  Factory  
  33  3:42  SCV  
  33  3:47  Marine x2  
  36  3:52  Barracks Tech Lab  
  36  3:54  SCV  
  37  4:02  Marine x2  
  38  4:04  Marine  
  39  4:13  Marine, SCV  
  39  4:15  Stimpack, Orbital Command  
  41  4:18  Engineering Bay  
  41  4:20  Marine  
  41  4:25  SCV, Starport  
  41  4:26  Factory Reactor  
  41  4:29  Marine  
  43  4:32  Marine  
  43  4:34  Marine  
  43  4:36  Marine  
  43  4:37  SCV  
  47  4:41  SCV  
  47  4:45  Terran Infantry Weapons Level 1  
  48  4:48  Marine  
  48  4:49  SCV, Marine  
  51  4:55  Marine, Supply Depot  
  51  4:57  Marine  
  51  4:59  SCV  
  54  5:08  Factory Tech Lab  
  54  5:16  Marine, Medivac x2, SCV x2  
  54  5:17  Marine  
  54  5:18  Supply Depot  
  62  5:39  Marine x5, SCV x2  
  62  5:42  Supply Depot  
  69  5:51  Command Center  
  69  5:57  Marine  
  69  6:01  Supply Depot  
  69  6:03  Marine x3, SCV x2  
  75  6:04  Marine  
  76  6:15  Medivac  
  76  6:16  Combat Shields  
  78  6:20  Supply Depot  
  78  6:23  Siege Tank, SCV x2  
  78  6:24  Supply Depot  
  79  6:38  Marine x5  
  79  6:39  Medivac  
  81  6:52  SCV  
  81  6:53  SCV  
  81  6:56  Marine x2  
  81  6:57  Siege Tank  
  81  6:59  Barracks  
  81  7:00  Barracks  
  86  7:04  Refinery  
  86  7:05  Orbital Command, Supply Depot  
  86  7:07  Marine x3, Refinery  
  89  7:11  SCV  
  89  7:12  Terran Infantry Armor Level 1  
  89  7:13  Marine x2  
  90  7:17  SCV  
  91  7:23  SCV  
  91  7:25  Marine x3  
  91  7:29  Medivac  
  97  7:31  SCV, Marine x2  
  100  7:43  Marine  
  100  7:45  Marine  
  100  7:46  SCV x3  
  104  7:53  Siege Tank, Medivac  
  109  7:58  SCV x3  
  109  8:00  Marine x2, Supply Depot  
  109  8:01  Barracks Reactor  
  109  8:02  Barracks Reactor  
  109  8:03  Marine  
  109  8:04  Refinery  
  109  8:05  Supply Depot  
  105  8:10  Marine x2, Medivac, SCV x3  
  112  8:18  Marine x2  
  114  8:21  Marine  
  114  8:22  SCV  
  114  8:25  Siege Tank, Supply Depot  
  121  8:28  Marine x2  
  121  8:34  SCV  
  121  8:36  Marine x3, Engineering Bay, Armory  
  125  8:42  Marine x4  
  125  8:46  Marine x2  
  131  8:54  Marine x3  
  120  8:57  Siege Tank  
  120  9:00  Marine x4  
  120  9:01  Medivac  
  120  9:02  Medivac  
  131  9:04  Marine x2  
  133  9:11  Marine  
  133  9:12  Marine x2  
  136  9:18  Marine x4  
  136  9:21  Marine x2  
  134  9:29  Siege Tank, Marine x2  
  134  9:30  Marine  
  135  9:31  Medivac x2  
  135  9:35  Marine  
  135  9:36  Marine x3  
  143  9:39  Marine x2  
  143  9:42  Command Center  
  134  9:54  Marine  
  134  9:55  Liberator x2, Marine x6  
  134  9:57  Marine  
  122  10:00  Marine  
  122  10:02  Siege Tank  
  126  10:12  Marine x4  
  126  10:13  Marine x3  
  134  10:15  Marine  
  134  10:18  Marine  
  134  10:19  Terran Infantry Armor Level 2, Terran Infantry Weapons Level 2  
  135  10:30  Marine x3  
  135  10:34  Siege Tank  
  130  10:35  Marine x2  
  130  10:37  Marine x3  
  130  10:40  Marine  
  136  10:44  Liberator  
  136  10:47  Terran Vehicle Weapons Level 1  
  136  10:48  Marine x3  
  139  10:51  Refinery  
  139  10:53  Marine  
  135  11:03  Marine x2  
  140  11:06  Siege Tank  
  140  11:09  Marine x5  
  138  11:33  Marine x8  
  138  11:38  Siege Tank  
  138  11:39  Marine  
  142  11:45  Liberator x2  
  139  11:50  Marine  
  139  11:51  Marine x3  
  137  11:56  Marine x4  
  137  11:57  Marine  
  137  11:59  Planetary Fortress  
  142  12:05  Barracks  
  142  12:07  Barracks  
  147  12:08  Marine x3, Barracks  
  147  12:09  Marine  
  147  12:10  Siege Tank  
  147  12:14  Marine x4  
  147  12:15  Marine  
  136  12:26  Marine x4  
  129  12:31  Marine  
  129  12:32  Marine x3  
  129  12:33  Marine  
  124  12:38  SCV  
  124  12:44  Marine x4  
  115  12:49  Marine x2  
  115  12:50  Marine x2  
Tags
 
Add a new tag
Caveats
  • Supply blocks, unpowered buildings, or Contaminate may cause inaccurate times.
  • Supply counts are checked every 10 seconds.